 Dungeon Crawl Stone Soup version 0.27-a0-1196-g3e9cee4cb2 (webtiles) character file.

Game seed: 13791875662675156165

1 Kold the Skirmisher (level 1, 0/16 HPs)
             Began as a Demonspawn Wanderer on May 27, 2021.
             Slain by a quokka (3 damage)
             ... on level 1 of the Dungeon.
             The game lasted 00:00:23 (26 turns).

Kold the Skirmisher (Demonspawn Wanderer)             Turns: 26, Time: 00:00:23

Health: 0/16       AC:  2    Str: 10    XL:     1   Next: 16%
Magic:  1/1        EV: 11    Int: 15    God:
Gold:   0          SH:  0    Dex: 12    Spells: 0/0 levels left

rFire    . . .     SeeInvis .   a - +2 dagger
rCold    . . .     Faith    .   (no shield)
rNeg     . . .     Spirit   .   e - +0 robe
rPois    .         Reflect  .   (no helmet)
rElec    .         Harm     .   (no cloak)
rCorr    .         Rampage  .   (no gloves)
Will     .....                  (no boots)
Stlth    ++........             (no amulet)
HPRegen  0.05/turn              (no ring)
MPRegen  0.07/turn              (no ring)

@: no status effects
A: no striking features
a: no special abilities


You were on level 1 of the Dungeon.
You visited 1 branch of the dungeon, and saw 1 of its levels.

Inventory:

Hand Weapons
 a - a +2 dagger (weapon)
 d - a +0 hand axe
Armour
 e - a +0 robe (worn)
Scrolls
 c - a scroll of teleportation
Potions
 b - a potion of haste


   Skills:
 + Level 2.0 Fighting
 + Level 1.8 Long Blades
 - Level 1.7 Axes
 - Level 1.0 Throwing
 + Level 1.8 Armour
 + Level 1.0 Stealth


You couldn't memorise any spells.
You didn't know any spells.
Your spell library was empty.

Dungeon Overview and Level Annotations

Branches:
Dungeon (1/15)

Altars:


Message History

The quokka is moderately wounded.
The quokka bites you. The quokka barely misses you.
You hit the quokka.
The quokka is heavily wounded.
The ball python bites you. The ball python closely misses you.
The quokka barely misses you.
You completely miss the quokka.
The quokka is heavily wounded.
The ball python barely misses you. The ball python grabs you.
The ball python constricts you.
The quokka bites you but does no damage.
You hit the ball python but do no damage.
The ball python bites you. The ball python constricts you.
The quokka bites you.
You are too injured to fight recklessly!
You are too injured to fight recklessly!
You are too injured to fight recklessly!
There are monsters nearby!
There are monsters nearby!
You escape the ball python's grasp.
You completely miss the ball python. The quokka barely misses you.
The ball python barely misses you. The ball python grabs you.
The ball python constricts you.
You closely miss the ball python. The quokka bites you.
The ball python bites you.
* * * LOW HITPOINT WARNING * * *
The ball python constricts you. The quokka barely misses you.
You closely miss the ball python.
The ball python bites you but does no damage.
The ball python constricts you.
The quokka bites you but does no damage.
You hit the ball python.
You kill the ball python!
The quokka barely misses you. The quokka closely misses you.
You see here a ball python corpse.
You hit the quokka.
The quokka is severely wounded.
The quokka bites you.
You die...

.........#
#.....#
..........#
#.....#
..........#
#.##<.#
..........#
#(....#
..........#
#.....#
..........#
#'#####
........†.####.##
.......r†.##....#
.......@........#
..........#.....#
######.#####....+
#. #....# #.
#....# .. ....##
.. ....## ...
...##


You could see a quokka.

Vanquished Creatures
  2 ball pythons (D:1)
2 creatures vanquished.

Notes
Turn   | Place    | Note
-------+----------+-------------------------------------------
     0 | D:1      | Kold the Demonspawn Wanderer began the quest for the Orb.
     0 | D:1      | Kold set off with the following items: a +2 dagger, a
                  | potion of haste, a scroll of teleportation, a +0 hand axe,
                  | a +0 robe
     0 | D:1      | Reached XP level 1. HP: 16/16 MP: 1/1
    26 | D:1      | Slain by a quokka

Illustrated notes

Levels and vault maps discovered:
D:1:      dpeg_arrival_rooms_b, layout_basic, chequers_ecumenical_altar_grove

Action                   || total
-------------------------++-------
Melee: Dagger            ||    10
 Stab: Sleeping          ||     1
Armor: Robe              ||     3
Dodge: Dodged            ||     9

Table legend: (Time is in decaauts)
 A = Elapsed time spent in this place.
 B = Non-inter-level travel time spent in this place.
 C = Inter-level travel time spent in this place.
 D = Time resting spent in this place.
 E = Time spent auto-exploring this place.
 F = Levels seen in this place.
 G = Mean time per level.
                   A        B        C        D        E       F      G
               +--------+--------+--------+--------+--------+-----+--------+
         Total |     25 |     25 |      0 |      0 |     10 |   1 |   25.0 |
       Dungeon |     25 |     25 |      0 |      0 |     10 |   1 |   25.0 |
               +--------+--------+--------+--------+--------+-----+--------+

Top non-repeatable levels by time:
     D:1: 25 daAuts
